 Dungeon Crawl Stone Soup version 0.30-a0-381-g6ea064c7b4 (webtiles) character file.

Game seed: 10375572165597725197

347 qeuew the Shield-Bearer (level 6, -1/49 HPs)
             Began as a Formicid Fighter on Dec 1, 2022.
             Slain by Pikel
             ... wielding a +1 whip of flaming
              (4 damage)
             ... on level 4 of the Dungeon.
             The game lasted 00:04:31 (2465 turns).

qeuew the Shield-Bearer (Formicid Fighter)          Turns: 2465, Time: 00:04:32

Health: -1/49      AC:  8    Str: 23    XL:     6   Next: 91%
Magic:  6/6        EV: 10    Int:  7    God:
Gold:   87         SH:  5    Dex: 13    Spells: 5/5 levels left

rFire   . . .      SeeInvis +    a - +0 war axe
rCold   . . .      Faith    .    c - +0 buckler
rNeg    . . .      Spirit   .    b - +1 scale mail
rPois   .          Reflect  .    (helmet unavailable)
rElec   .          Harm     .    (no cloak)
rCorr   .          Rampage  .    (no gloves)
Will    .....                    (no boots)
Stlth   ..........               (no amulet)
HPRegen 0.28/turn                (no ring)
MPRegen 0.10/turn                (no ring)

@: no status effects
A: permanent stasis, dig shafts and tunnels, antennae 3, four strong arms,
talons 1, no potion heal 1
a: Dig, Shaft Self


You were on level 4 of the Dungeon.
You visited 1 branch of the dungeon, and saw 4 of its levels.

You collected 87 gold pieces.

Inventory:

Hand Weapons
 a - a +0 war axe (weapon)
Armour
 b - a +1 scale mail (worn)
 c - a +0 buckler (worn)
Wands
 j - a wand of polymorph (4)
 l - a wand of flame (14)
Scrolls
 h - a scroll of magic mapping {unknown}
 k - 2 scrolls of fear
Potions
 d - a potion of might
 e - 2 potions of curing
 f - a potion of magic
 g - a potion of brilliance {unknown}
 i - 2 potions of heal wounds {unknown}
 m - a potion of ambrosia
 n - a potion of berserk rage {unknown}


   Skills:
 + Level 4.5 Fighting
 + Level 3.3 Axes
 + Level 4.4 Armour
 + Level 2.2 Dodging
 + Level 5.3 Shields
 + Level 1.5 Evocations


You had 5 spell levels left.
You didn't know any spells.
Your spell library contained the following spells:

 Spells                   Type           Power      Damage    Failure   Level
 Fireball                 Conj/Fire      0%         3d3       100%        5
 Iskenderun's Battlesphe  Conj           0%         2d6       100%        5
 Conjure Ball Lightning   Conj/Air       0%         3x3d7     100%        6
 Orb of Destruction       Conj           0%         9d5       100%        7


Dungeon Overview and Level Annotations

Branches:
Dungeon (4/15)
 Temple: D:4-7

Altars:
Ashenzari
Nemelex Xobeh
The Shining One

Annotations:
D:4 Pikel


Innate Abilities, Weirdness & Mutations

You cannot be hasted, slowed, berserked, paralysed or teleported.
You can dig through walls and to a lower floor.
You have a pair of large antennae on your head. (SInv)
Your four strong arms can wield two-handed weapons with a shield.
You have sharp toenails.
Potions are less effective at restoring your health.


Message History

Pikel burns you.
Pikel is nearby!
Pikel is nearby!
You slash Pikel! You claw Pikel.
Pikel is severely wounded.
Pikel closely misses you.
You barely miss Pikel.
Pikel is severely wounded.
Pikel barely misses you.
A lemure comes into view.
Pikel hits you but does no damage.
You hit Pikel.
Pikel is severely wounded.
Pikel hits you with a +1 whip of flaming.
Pikel burns you.
You hit Pikel. You claw Pikel, but do no damage.
Pikel is severely wounded.
Pikel hits you but does no damage.
A lemure comes into view. x2
You miss Pikel. Your kick misses Pikel.
Pikel is severely wounded.
Pikel hits you with a +1 whip of flaming.
Pikel burns you.
A lemure comes into view.
Pikel hits you with a +1 whip of flaming.
Pikel burns you.
* * * LOW HITPOINT WARNING * * *
The lemure shouts!
You hit Pikel but do no damage. Your kick misses Pikel.
Pikel is severely wounded.
Pikel hits you with a +1 whip of flaming.
* * * LOW HITPOINT WARNING * * *
Pikel burns you.
* * * LOW HITPOINT WARNING * * *
You hit Pikel but do no damage.
Pikel is severely wounded.
Pikel hits you with a +1 whip of flaming!
* * * LOW HITPOINT WARNING * * *
Pikel burns you.
You die...

...≈ #.#
._.≈≈. #.#
...≈≈.
#.#####
≈≈≈.≈.
#...... #
..(≈.###
###.#####
#
≈≈≈..#.###
#...# #
##....#
#.### ##
#...#.#
#.# .#
##@##.#
#.# .#
#K##.# #.#
.###.#.#
{55##.#
#.#
.......#
..5##.###
#)#
####....
######...#
#)#
########
###.# #)#
# .......
#.# #)# #
.######
#)# #.# #
.# #.# #.#
#


You could see Pikel and 3 lemures.

Vanquished Creatures
  A hound (D:4)
  Jessica (D:3)
  Natasha (thrice) (D:3)
  An iguana (D:4)
  2 orc wizards (D:4)
  Robin (D:4)
  4 adders
  2 worms
  3 dart slugs
  8 orcs
  2 endoplasms
  3 giant cockroaches
  13 goblins
  7 hobgoblins
  9 jackals
  3 kobolds
  2 ball pythons (D:1)
  8 bats
  3 frilled lizards
  3 rats
79 creatures vanquished.

Notes
Turn   | Place    | Note
-------+----------+-------------------------------------------
     0 | D:1      | qeuew the Formicid Fighter began the quest for the Orb.
     0 | D:1      | Reached XP level 1. HP: 18/18 MP: 1/1
   125 | D:1      | Reached XP level 2. HP: 21/24 MP: 2/2
   245 | D:1      | Reached XP level 3. HP: 29/29 MP: 3/3
   722 | D:2      | Reached skill level 1 in Dodging
  1073 | D:2      | You fall into a shaft and drop 1 floor!
  1148 | D:3      | Noticed Jessica
  1152 | D:3      | Killed Jessica
  1153 | D:3      | Reached XP level 4. HP: 37/37 MP: 4/4
  1199 | D:3      | Noticed Natasha
  1213 | D:3      | Killed Natasha
  1214 | D:3      | Reached XP level 5. HP: 18/42 MP: 5/5
  1403 | D:3      | Noticed Natasha
  1411 | D:3      | Killed Natasha
  1455 | D:3      | Found a sparkling altar of Nemelex Xobeh.
  1502 | D:3      | Noticed Natasha
  1508 | D:3      | Killed Natasha
  1509 | D:3      | Reached skill level 5 in Shields
  1634 | D:3      | Reached XP level 6. HP: 48/48 MP: 6/6
  1804 | D:3      | Gained mutation: You are frail. (-10% HP) [potion of
                  | mutation]
  1804 | D:3      | Gained mutation: You are very frail. (-20% HP) [potion of
                  | mutation]
  1805 | D:3      | Lost mutation: You are very frail. (-20% HP) [potion of
                  | mutation]
  1805 | D:3      | Lost mutation: You are frail. (-10% HP) [potion of
                  | mutation]
  1805 | D:3      | Gained mutation: Potions are less effective at restoring
                  | your health. [potion of mutation]
  1805 | D:3      | Gained mutation: You have sharp toenails. [potion of
                  | mutation]
  1907 | D:4      | Noticed Robin
  1917 | D:4      | Killed Robin
  2091 | D:4      | Reached skill level 1 in Evocations
  2207 | D:4      | Found a glowing golden altar of the Shining One.
  2451 | D:4      | Found a broken altar of Ashenzari.
  2454 | D:4      | Noticed Pikel
  2465 | D:4      | Slain by Pikel

Illustrated notes

Levels and vault maps discovered:
D:1:      dpeg_cavernosity, layout_rooms, minmay_pentomino_s2
D:2:      layout_basic
D:3:      layout_loops_ring, nemelex_diamond_rough_becter, uniq_natasha,
          uniq_jessica
D:4:      layout_loops_ring, mainiacjoe_overflow_paths, tso_metal_star,
          uniq_robin, uniq_pikel

Skill      XL: |  1  2  3  4  5  6 |
---------------+-------------------+-----
Dodging        | 1 2 |  2.2
Armour         | 4 |  4.4
Fighting       | 4 |  4.5
Axes           | 3 |  3.3
Shields        | 5 |  5.3
Evocations     | 1 |  1.5

Action                   |  1- 3 |  4- 6 || total
-------------------------+-------+-------++-------
Melee: War axe           |   102 |   128 ||   230
       Kick              |       |    16 ||    16
  Use: Scroll            |     5 |     5 ||    10
       Potion            |     1 |     2 ||     3
Armor: Scale mail        |    66 |    43 ||   109
Dodge: Dodged            |    53 |    46 ||    99
Block: Buckler           |    29 |    34 ||    63

Table legend: (Time is in decaauts)
 A = Elapsed time spent in this place.
 B = Non-inter-level travel time spent in this place.
 C = Inter-level travel time spent in this place.
 D = Time resting spent in this place.
 E = Time spent auto-exploring this place.
 F = Levels seen in this place.
 G = Mean time per level.
                   A        B        C        D        E       F      G
               +--------+--------+--------+--------+--------+-----+--------+
         Total |   2555 |   2474 |     81 |     35 |   1863 |   4 |  638.8 |
       Dungeon |   2555 |   2474 |     81 |     35 |   1863 |   4 |  638.8 |
               +--------+--------+--------+--------+--------+-----+--------+

Top non-repeatable levels by time:
     D:3: 819 daAuts
     D:1: 700 daAuts
     D:4: 629 daAuts
     D:2: 406 daAuts
